 Dungeon Crawl Stone Soup version 0.20-a0-432-g25cc1b4 (webtiles) character file.

217 TheGoonsmith the Ducker (level 5, -4/37 HPs)
             Began as a Merfolk Summoner on Jan 2, 2017.
             Slain by barons's ghost (16 damage)
             ... on level 3 of the Dungeon.
             The game lasted 00:11:05 (4519 turns).

TheGoonsmith the Ducker (Merfolk Summoner)          Turns: 4519, Time: 00:11:05

Health: -4/37      AC:  4    Str:  8    XL:     5   Next: 94%
Magic:  1/10       EV: 21    Int: 16    God:
Gold:   94         SH:  0    Dex: 19    Spells: 4/10 levels left

rFire  . . .     SeeInvis .     g - +0 spear
rCold  . . .     Gourm    .     a - +0 robe
rNeg   . . .     Faith    .     (no shield)
rPois  .         Spirit   .     (no helmet)
rElec  .         Reflect  .     w - +0 cloak (curse)
rCorr  .         Harm     .     (no gloves)
MR     .....                    y - +0 pair of boots (curse)
Stlth  +++.......               (no amulet)
                                (no ring)
                                (no ring)

@: agile, flying
A: change form in water, swift swim, stealthy swim
a: no special abilities


You were on level 3 of the Dungeon.
You were near starving.

You visited 1 branch of the dungeon, and saw 3 of its levels.
You also visited: Sewer.

You collected 94 gold pieces.

Inventory:

Hand Weapons
 d - a +0 mace
 g - a +0 spear (weapon)
Missiles
 l - a throwing net (quivered)
Armour
 a - a +0 robe (worn)
 o - a +0 ring mail
 w - a cursed +0 cloak (worn)
 y - a cursed +0 pair of boots (worn)
Jewellery
 f - a cursed ring of see invisible {unknown}
 j - an uncursed amulet of regeneration {unknown}
 q - a +1 ring of evasion {unknown}
 u - an uncursed ring of wizardry {unknown}
 x - a +3 ring of dexterity {unknown}
Scrolls
 e - 4 scrolls of amnesia {unknown}
 i - 4 scrolls of identify {unknown}
 s - a scroll of teleportation {unknown}
 B - 2 scrolls of blinking {unknown}
Potions
 k - a potion of brilliance {unknown}
 m - a potion of berserk rage {unknown}
 p - a potion of beneficial mutation {unknown}
 r - a potion of mutation {unknown}
 t - 2 potions of agility
 z - 2 potions of heal wounds
 A - 2 potions of flight
 D - a potion of might {unknown}
 E - 2 potions of curing
Books
 b - a book of Callings

   Spells                             Type                      Level
   a - Summon Small Mammal            Summoning                    1
   b - Call Imp                       Summoning                    2
   c - Call Canine Familiar           Summoning                    3
   d - Summon Guardian Golem          Hexes/Summoning              3
   e - Summon Lightning Spire         Summoning/Air                4
   f - Summon Ice Beast               Ice/Summoning                4
Comestibles
 c - 2 bread rations
 h - a meat ration
 n - 3 fruits
 v - a slice of pizza


   Skills:
 - Level 1.2 Fighting
 - Level 3.0 Polearms
 - Level 5.1 Dodging
 - Level 2.1 Stealth
 - Level 3.3 Spellcasting
 + Level 4.4 Summonings


You had 4 spell levels left.
You knew the following spells:

 Your Spells              Type           Power        Failure   Level  Hunger
a - Summon Small Mammal   Summ           ###.         3%          1    None
b - Call Imp              Summ           ###.....     6%          2    ##.....
c - Call Canine Familiar  Summ           ###.....     12%         3    ###....


Dungeon Overview and Level Annotations

Branches:
Dungeon (3/15)

Altars:
Cheibriados
Zin

Shops:
D:3 *

Annotations:
D:3 barons's ghost, amateur DsGl


Message History

Your hound completely misses the kobold.
Barons's ghost misses you.
Your hound misses the kobold. The kobold hits you with a short sword!
Your magical contamination has completely faded away.
You hit the kobold.
You kill the kobold!
Barons's ghost barely misses you.
You hit barons's ghost but do no damage.
Barons's ghost is almost destroyed.
Barons's ghost barely misses you.
Your hound barely misses barons's ghost.
You closely miss barons's ghost.
Barons's ghost is almost destroyed.
Your hound bites barons's ghost but does no damage.
Barons's ghost barely misses you.
You hit barons's ghost but do no damage.
Barons's ghost is almost destroyed.
Your hound barely misses barons's ghost.
Barons's ghost hits you!
You die...

. ########## # #........# .#
#........##J# ### #...........
##.. . #.........## ##.. #
#..........######..####
#......................
#####.##.....@..# ######>#####
##............hW.# #..# #
##................# #.## #
#.................# ##.#
#................## ##..######
#...............#### #......#..
#...............(..####.........
#...............##(.............
##...<........#.##.(##..........


You could see barons's ghost, an ooze (sleeping) and a friendly hound.

Vanquished Creatures
  An adder (D:2)
  4 river rats (Sewer)
  A leopard gecko (D:1)
  2 giant cockroaches
  7 hobgoblins
  11 kobolds
  A ball python (Sewer)
  5 bats
  4 frilled lizards
  A goblin (D:1)
  16 rats
53 creatures vanquished.

Vanquished Creatures (collateral kills)
  A big kobold (Sewer)
  Crazy Yiuf (D:2)
  Jessica (D:2)
  4 adders
  A river rat (Sewer)
  A worm (D:3)
  3 dart slugs
  A leopard gecko (D:2)
  2 orcs (D:3)
  5 goblins
  A hobgoblin (D:1)
  16 kobolds
  6 ball pythons
  A bat (D:1)
  A frilled lizard (D:1)
  11 rats
56 creatures vanquished.

Grand Total: 109 creatures vanquished

Notes
Turn   | Place    | Note
-------+----------+-------------------------------------------
     0 | D:1      | TheGoonsmith the Merfolk Summoner began the quest for the Orb.
     0 | D:1      | Reached XP level 1. HP: 13/13 MP: 3/3
   317 | D:1      | Reached skill level 1 in Fighting
   513 | D:1      | Reached skill level 1 in Polearms
   524 | D:1      | Reached XP level 2. HP: 21/21 MP: 5/5
   557 | D:1      | Learned a level 2 spell: Call Imp
  1217 | D:2      | Reached XP level 3. HP: 26/26 MP: 1/6
  1309 | D:2      | Reached skill level 3 in Dodging
  1759 | D:2      | Found a snail-covered altar of Cheibriados.
  1779 | D:2      | Reached skill level 4 in Dodging
  1792 | D:2      | Reached XP level 4. HP: 25/32 MP: 0/7
  1966 | D:2      | Found a runed door.
  2013 | D:2      | Learned a level 3 spell: Call Canine Familiar
  2273 | D:2      | Noticed Jessica
  2287 | D:2      | Killed Jessica
  2607 | D:2      | Noticed Crazy Yiuf
  2668 | D:2      | Killed Crazy Yiuf
  2668 | D:2      | Reached skill level 5 in Dodging
  2821 | D:3      | Noticed barons's ghost (amateur DsGl)
  3019 | D:3      | Found a glowing drain.
  3024 | Sewer    | Entered a sewer
  3145 | Sewer    | Reached XP level 5. HP: 22/37 MP: 1/8
  3653 | Sewer    | Noticed a big kobold
  3668 | Sewer    | Killed a big kobold
  4380 | D:3      | Found Zin's Purification Station.
  4384 | D:3      | Found a glowing silver altar of Zin.
  4519 | D:3      | Slain by barons's ghost

Vault maps used:
D:1:      dpeg_arrival_arbitrary_a, minmay_split_cup_small
D:2:      kennysheep_slug_shrine, uniq_jessica, uniq_crazy_yiuf_cottage
D:3:      zin_purify, lemuel_crystal_altar, portal_sewer_entry_e,
          kennysheep_generic_room_5
Sewer:    sewer_minmay_treatment

Skill      XL: |  1  2  3  4  5 |
---------------+----------------+-----
Fighting       | 1 |  1.2
Polearms       | 1 3 |  3.0
Dodging        | 4 5 |  5.1
Spellcasting   | 3 |  3.3
Stealth        | |  2.1
Summonings     | |  4.4

Action                   |  1- 3 |  4- 6 || total
-------------------------+-------+-------++-------
Melee: Spear             |    95 |   187 ||   282
       Mace              |     4 |       ||     4
       Tailslap          |       |     3 ||     3
 Cast: Summon Small Mamm |    13 |       ||    13
       Call Imp          |    22 |    31 ||    53
       Call Canine Famil |       |    13 ||    13
  Use: Potion            |       |     7 ||     7
 Stab: Sleeping          |     2 |     3 ||     5
       Distracted        |     3 |     1 ||     4
  Eat: Chunk             |     4 |    11 ||    15
Armor: Robe              |     7 |    14 ||    21
Dodge: Dodged            |    65 |   146 ||   211
